 Dungeon Crawl Stone Soup version 0.24-a0-474-g47c397e050 (webtiles) character file.

Game seed: 2099071467238007082

46 Krouwed the Bolt Thrower (level 3, -4/29 HPs)
             Began as a Human Hunter on July 5, 2019.
             Killed from afar by an orc wizard (6 damage)
             ... with a puff of flame
             ... on level 1 of the Dungeon.
             The game lasted 00:03:16 (1068 turns).

Krouwed the Bolt Thrower (Human Hunter)             Turns: 1068, Time: 00:03:17

Health: -4/29      AC:  3    Str: 10 (13) XL:     3   Next: 92%
Magic:  3/3        EV: 17    Int: 10 (11) God:
Gold:   87         SH:  0    Dex: 15 (18) Spells: 2/2 levels left

rFire    . . .     SeeInvis .   b - +0 short sword
rCold    . . .     Gourm    .   (no shield)
rNeg     . . .     Faith    .   c - +0 leather armour
rPois    .         Spirit   .   (no helmet)
rElec    .         Reflect  .   (no cloak)
rCorr    .         Harm     .   (no gloves)
MR       .....                  (no boots)
Stlth    ++........             (no amulet)
HPRegen  0.09/turn              (no ring)
MPRegen  0.08/turn              (no ring)

@: confused, agile
A: no striking features
a: no special abilities


You were on level 1 of the Dungeon.
You were not hungry.

You visited 1 branch of the dungeon, and saw 2 of its levels.

You collected 87 gold pieces.

Inventory:

Hand Weapons
 a - a +1 hand crossbow
 b - a +0 short sword (weapon)
Missiles
 d - 23 bolts
Armour
 c - a +0 leather armour (worn)
Jewellery
 j - an uncursed ring of resist corrosion {unknown}
Scrolls
 i - a scroll of enchant weapon {unknown}
 k - a scroll of identify {unknown}
 l - a scroll of remove curse {unknown}
 n - a scroll of enchant armour {unknown}
Potions
 g - a potion of agility
Comestibles
 f - 4 rations
 h - a chunk of flesh


   Skills:
 + Level 3.1 Fighting
 + Level 4.6 Crossbows
 - Level 2.0 Dodging
 - Level 1.0 Stealth


You had 2 spell levels left.
You didn't know any spells.
Your spell library was empty.

Dungeon Overview and Level Annotations

Branches:
Dungeon (2/15)

Altars:


Message History

Your leather armour prevents you from hitting something.
Something hits you but does no damage.
You barely miss something.
You hear some strange, mumbled words.
A puff of flame appears from out of thin air!
The puff of flame hits you.
* * * LOW HITPOINT WARNING * * *
You hit something. Something hits you.
* * * LOW HITPOINT WARNING * * *
Okay, then.
As you read the scroll labeled PEALORCHIME, it crumbles to dust.
You feel momentarily disoriented.
It was a scroll of magic mapping.
You hear some strange, mumbled words.
You are confused.
You're too confused!
You miss something.
You hear some strange, mumbled words.
A puff of flame appears from out of thin air!
The puff of flame hits you.
You die...

#.# #######..#####†# #.#
#.#######............#.####.##
#..........####..###.#........
####.#######..# #..#
#.######.#. .....# #..# #..#
#.# #.## ####.# #..# #..# #.#
#.# #.# #..# #..# #.# #.# #.#
####..####..###.######)# #.#
#.......@{>....(....##.## #.#
#.##).####..###.###.##..# #.#
#...............# #.###.#
#.####..##.####.###### #.# #(#
####.##....##.# #.# #.# #.#
..............# #.# #.# #.#
#######.####### #.# ##.###.#
#.# ######.# ##......# #.#
#......# #...#####


There were no monsters in sight!

Vanquished Creatures
  A dart slug (D:1)
  3 leopard geckos (D:1)
  3 orcs
  4 bats (D:1)
  4 goblins (D:1)
  3 hobgoblins (D:1)
  6 jackals (D:1)
  A frilled lizard (D:2)
  3 kobolds (D:1)
  6 rats (D:1)
34 creatures vanquished.

Notes
Turn   | Place    | Note
-------+----------+-------------------------------------------
     0 | D:1      | Krouwed the Human Hunter began the quest for the Orb.
     0 | D:1      | Reached XP level 1. HP: 16/16 MP: 1/1
   101 | D:1      | Reached XP level 2. HP: 23/23 MP: 2/2
   337 | D:1      | Reached XP level 3. HP: 28/28 MP: 3/3
  1068 | D:1      | Killed from afar by an orc wizard

Levels and vault maps discovered:
D:1:      mrwooster_arrival_arrow, layout_loops_ring, minmay_cut_off
D:2:      cheibrodos_pilgrimage, layout_loops_ring, overflow_temple_1_default,
          minmay_pentomino_u4

Skill      XL: |  1  2  3 |
---------------+----------+-----
Fighting       | 3 |  3.1
Crossbows      | |  4.6
Dodging        | |  2.0
Stealth        | |  1.0

Action                   || total
-------------------------++-------
Melee: Short sword       ||    51
 Fire: Hand crossbow     ||    38
  Use: Potion            ||     2
       Scroll            ||     1
 Stab: Sleeping          ||     2
Armor: Leather armour    ||    19
Dodge: Dodged            ||    38

Table legend:
 A = Non-vault XP
 B = Vault XP
 C = Vault XP percentage of total XP
 D = Non-vault monster count
 E = Vault monster count
 F = Vault count percentage of total count
                 A         B        C        D         E       F
            +---------+---------+-------+---------+---------+-------
      Total |      47 |      19 |  28.8 |      26 |       8 |  23.5
            +---------+---------+-------+---------+---------+-------
        D:1 |      46 |      16 |  25.8 |      25 |       7 |  21.9
        D:2 |       1 |       3 |  75.0 |       1 |       1 |  50.0
            +---------+---------+-------+---------+---------+-------
